Map: Línea Aguablanca EE

Players

NickTentExe

  • Race: Terran Terran
  • League: Gold
  • Spawn Location: 1:00

Ajdemer

  • Race: Terran Terran
  • League: Gold
  • Spawn Location: 1:00

WpgLego

  • Race: Terran Terran
  • Spawn Location: 12:00

TATORREA - Winner!

  • Race: Protoss Protoss
  • League: Gold
  • Spawn Location: 6:00

tigro - Winner!

  • Race: Terran Terran
  • League: Bronze
  • Spawn Location: 7:00

MrFercho - Winner!

  • Race: Zerg Zerg
  • League: Gold
  • Spawn Location: 7:00

VOD

Have the link to the VOD?

Description

Time

  • Played on: July 30, 2020, 8:20 p.m.
  • Length: 14:42
Show
View Real Time Build Order
Export as new Build Order

NickTentExe Terran 

Build Orders:  

Get SALT Encoding   

  12  0:15  Supply Depot  
  12  0:46  Barracks  
  12  0:49  Barracks  
  10  1:28  Barracks  
  10  1:29  Barracks  
  10  1:57  SCV  
  11  2:06  Supply Depot  
  11  2:22  SCV  
  12  2:32  Marine x2  
  12  2:34  SCV  
  15  2:46  SCV  
  15  2:49  Marine  
  15  2:50  Marine, Engineering Bay  
  18  3:12  Marine x2  
  20  3:27  Refinery  
  20  3:31  Missile Turret  
  20  3:46  SCV  
  21  3:58  SCV  
  22  4:04  Command Center  
  21  4:10  SCV  
  22  4:22  SCV  
  23  4:44  Marine x2  
  25  5:00  Factory  
  25  5:05  Refinery  
  25  5:36  SCV  
  26  5:48  SCV  
  26  5:49  Starport  
  27  6:14  SCV  
  28  6:41  Starport  
  28  6:48  Starport  
  28  6:51  Starport  
  28  6:59  SCV  
  29  7:11  SCV  
  30  7:29  Starport Reactor x2  
  30  7:30  Starport Reactor  
  30  7:51  Supply Depot  
  30  7:52  Supply Depot  
  30  7:54  Supply Depot  
  30  8:12  Viking  
  32  8:16  Viking  
  34  8:28  Viking  
  34  8:31  Viking  
  34  8:32  Viking  
  34  8:34  Viking  
  42  8:42  Viking  
  42  8:46  Viking  
  46  9:10  Armory  
  38  10:06  Viking x3  
  38  10:07  Viking  
  46  10:33  Command Center  
  46  10:43  Supply Depot  
  46  10:45  Supply Depot  
  46  10:46  Supply Depot  
  46  10:47  Supply Depot  
  46  10:50  Viking  
  46  10:54  Supply Depot  
  47  10:59  Viking  
  47  11:00  Viking  
  41  11:08  Supply Depot  
  36  11:18  Viking x2  
  36  11:35  SCV  
  38  11:47  SCV  
  38  11:54  Supply Depot  
  38  11:59  SCV  
  39  12:09  Terran Ship Weapons Level 1  
  39  12:11  SCV  
  40  12:23  SCV  
  40  12:27  SCV  
  42  12:33  Viking x3  
  42  12:34  Viking  
  42  12:35  SCV  
  51  12:39  SCV  
  51  12:42  Refinery  
  52  12:44  Refinery  
  52  12:47  SCV  
  53  12:51  SCV  
  54  12:59  SCV  
  54  13:01  Viking x2  
  54  13:03  SCV  
  60  13:31  Viking x2  
  60  13:32  Viking x2  
Show
View Real Time Build Order
Export as new Build Order

Ajdemer Terran 

Build Orders:  

Get SALT Encoding   

  12  0:20  Supply Depot  
  12  0:46  Barracks  
  12  0:52  Barracks  
  10  1:24  Supply Depot  
  10  1:33  Refinery  
  10  1:55  SCV  
  11  2:02  Refinery  
  11  2:08  SCV  
  12  2:20  SCV  
  13  2:33  SCV  
  14  2:40  Barracks  
  14  2:46  SCV  
  14  2:47  Engineering Bay  
  15  2:58  SCV  
  16  3:33  Factory  
  16  3:55  Command Center  
  16  4:20  Starport  
  16  4:35  Starport  
  15  4:58  Starport  
  15  5:13  Starport  
  15  5:31  Fusion Core  
  15  5:36  Starport  
  15  5:51  Starport  
  15  6:15  Starport  
  15  6:16  Starport Tech Lab x2  
  15  6:28  Starport Tech Lab  
  15  6:39  Starport Tech Lab  
  15  6:59  Starport Tech Lab  
  15  7:09  Starport Tech Lab  
  15  7:45  Starport Tech Lab  
  15  7:48  Raven x2  
  19  8:17  Command Center  
  19  8:37  Raven x2  
  22  9:38  Raven  
  24  10:23  Supply Depot  
  24  10:30  Supply Depot  
  24  10:46  Supply Depot  
  24  10:52  Supply Depot  
  24  11:29  Raven x2  
  24  11:30  Raven  
  30  11:49  Supply Depot  
  30  11:51  Supply Depot  
  30  12:11  Supply Depot, Raven  
  30  12:14  Supply Depot  
  30  12:15  Raven  
  34  12:57  Raven  
  36  13:37  Command Center  
Show
View Real Time Build Order
Export as new Build Order

WpgLego Terran 

Build Orders:  

Get SALT Encoding   

  12  0:17  Supply Depot  
  12  0:51  Barracks  
  12  1:32  Supply Depot  
  11  1:55  Barracks  
  11  2:04  Engineering Bay, SCV  
  12  2:16  SCV  
  13  2:28  SCV  
  14  2:37  Refinery  
  14  2:40  SCV  
  15  3:07  Marine  
  16  3:14  Orbital Command  
  16  3:24  Marine  
  17  3:42  Marine  
  18  4:00  Marine  
  19  4:02  Factory  
  19  4:18  Marine  
  20  4:45  Barracks Reactor  
  20  4:49  Factory Tech Lab  
  20  4:58  Bunker  
  20  5:10  Siege Tank  
  23  5:37  Armory  
  23  5:48  Missile Turret  
  23  6:02  Refinery  
  23  6:04  Marine x2  
  25  6:16  Missile Turret  
  25  6:18  Missile Turret  
  25  6:21  Marine, Siege Tank  
  25  6:22  Marine  
  30  6:39  Marine  
  31  6:41  Missile Turret  
  31  6:47  Missile Turret  
  31  6:56  Missile Turret  
  31  7:31  Supply Depot  
  31  7:38  Supply Depot  
  31  7:41  Missile Turret  
  31  7:45  Missile Turret  
  31  7:52  Thor, Marine x2  
  39  8:10  Marine  
  40  8:40  Thor  
  46  8:59  Armory  
  46  9:18  Supply Depot  
  46  9:26  Supply Depot  
  46  9:48  Thor  
  48  10:51  Supply Depot  
  29  11:12  Marine x2  
  29  11:15  Thor  
  35  11:29  Marine x2  
  37  11:47  Marine x2  
  39  12:27  Command Center  
  39  12:44  Missile Turret  
  42  13:12  Siege Tank  
  41  13:46  Missile Turret  
  41  13:47  Marine  
  41  13:48  Marine, Missile Turret  
Show
View Real Time Build Order
Export as new Build Order

TATORREA Protoss - Winner!

Build Orders:  

Get SALT Encoding   

  12  0:03  Probe  
  13  0:15  Probe  
  14  0:26  Pylon  
  14  0:27  Probe  
  15  0:44  Probe  
  16  0:56  Probe  
  17  1:25  Gateway  
  17  1:33  Gateway  
  17  1:57  Probe  
  17  2:00  Assimilator  
  18  2:03  Pylon  
  18  2:06  Pylon  
  18  2:09  Probe (Chrono Boost)  
  19  2:22  Probe (Chrono Boost)  
  20  2:24  Assimilator  
  20  2:27  Probe (Chrono Boost)  
  20  2:28  Cybernetics Core  
  21  2:37  Probe  
  22  2:49  Probe  
  23  2:52  Gateway  
  23  3:14  Stalker  
  23  3:15  Stalker  
  27  3:20  Warp Gate  
  27  3:30  Twilight Council  
  27  3:32  Gateway  
  27  3:39  Stalker  
  29  3:46  Zealot  
  31  3:51  Zealot  
  33  3:56  Probe  
  34  4:11  Charge (Chrono Boost)  
  34  4:39  Nexus  
  34  4:42  Pylon  
  34  4:44  Pylon  
  34  4:47  Probe  
  35  4:59  Probe (Chrono Boost)  
  36  5:08  Probe (Chrono Boost)  
  36  5:13  Probe (Chrono Boost)  
  36  5:14  Pylon  
  37  5:19  Robotics Facility  
  38  5:25  Probe  
  38  5:26  Stalker  
  41  5:37  Probe  
  41  5:39  Blink (Chrono Boost)  
  42  5:49  Probe  
  43  5:51  Probe  
  44  6:01  Forge, Probe  
  44  6:03  Probe  
  46  6:13  Probe  
  46  6:15  Assimilator, Probe  
  48  6:19  Assimilator  
  48  6:26  Probe  
  48  6:27  Probe  
  48  6:32  Protoss Air Weapons Level 1 (Chrono Boost)  
  50  6:38  Probe  
  52  6:40  Probe  
  52  6:45  Gateway  
  52  6:47  Protoss Ground Weapons Level 1 (Chrono Boost), Observer  
  53  6:48  Gateway  
  53  6:50  Probe  
  53  6:52  Probe  
  55  6:59  Photon Cannon  
  55  7:01  Photon Cannon  
  55  7:02  Probe  
  55  7:04  Probe  
  55  7:06  Pylon  
  57  7:09  Zealot  
  57  7:14  Probe  
  60  7:16  Probe  
  61  7:37  Photon Cannon  
  61  7:38  Photon Cannon  
  61  7:44  Nexus  
  61  7:47  Pylon  
  61  7:52  Pylon  
  61  7:56  Immortal  
  65  8:03  Probe  
  65  8:04  Probe  
  67  8:09  Zealot  
  67  8:10  Zealot x5  
  79  8:15  Probe  
  79  8:16  Probe  
  81  8:28  Probe x2, Stargate  
  83  8:35  Immortal  
  83  8:39  Zealot x2  
  83  8:40  Probe x2, Zealot x4  
  101  8:43  Protoss Ground Weapons Level 2 (Chrono Boost)  
  101  8:48  Protoss Air Armor Level 1 (Chrono Boost)  
  101  8:59  Probe x2  
  101  9:01  Probe  
  104  9:06  Assimilator  
  104  9:10  Assimilator  
  104  9:11  Probe x2  
  104  9:13  Probe  
  107  9:28  Fleet Beacon  
  107  9:32  Nexus  
  107  9:35  Pylon  
  107  9:36  Stargate x2  
  107  9:39  Pylon  
  107  9:40  Probe x3  
  107  9:44  Stargate  
  110  9:52  Probe x3, Zealot x2  
  117  10:13  Immortal  
  121  10:17  Unknown  
  121  10:20  Void Ray x2  
  129  10:22  Void Ray, Assimilator  
  129  10:24  Assimilator  
  129  10:27  Gateway  
  129  10:28  Gateway  
  133  10:29  Gateway  
  133  10:30  Gateway  
  133  10:35  Gateway  
  133  10:44  Void Ray  
  133  10:46  Pylon  
  133  10:48  Pylon  
  137  10:51  Probe x4  
  137  10:54  Pylon  
  131  11:00  Pylon  
  131  11:02  Protoss Ground Weapons Level 3  
  131  11:03  Void Ray, Pylon, Probe x2  
  125  11:08  Pylon  
  96  11:24  Zealot x5  
  96  11:25  Zealot x3  
  112  11:29  Immortal  
  116  11:35  Void Ray x2  
  116  11:36  Void Ray  
  116  11:38  Probe x2  
  116  11:39  Protoss Air Weapons Level 2 (Chrono Boost), Probe x2  
  132  11:46  Void Ray  
  136  11:50  Probe  
  136  11:51  Probe x3, Zealot x4  
  136  11:52  Zealot  
  136  11:53  Zealot  
  152  12:10  Zealot x4  
  152  12:12  Zealot x2  
  152  12:14  Zealot  
  152  12:15  Zealot x2  
  168  12:16  Zealot  
  168  12:17  Zealot  
  168  12:18  Void Ray  
  178  12:52  Nexus  
  178  12:53  Zealot x4  
  178  12:54  Zealot x3  
  178  12:55  Pylon, Zealot x2  
  178  12:57  Pylon  
  196  13:06  Pylon  
  196  13:09  Gateway  
  196  13:11  Gateway  
  196  13:13  Gateway  
  196  13:16  Gateway  
  196  13:19  Gateway  
  196  13:45  Templar Archives  
  186  14:12  Zealot x2  
  186  14:13  Zealot x4  
  186  14:14  Zealot  
Show
View Real Time Build Order
Export as new Build Order

tigro Terran - Winner!

Build Orders:  

Get SALT Encoding   

  12  0:14  SCV  
  13  0:23  Supply Depot  
  13  0:26  SCV  
  14  0:38  SCV  
  15  0:49  Barracks  
  15  0:51  SCV  
  16  1:19  Supply Depot  
  16  1:37  Refinery  
  16  1:50  Engineering Bay  
  16  1:56  Refinery  
  16  2:31  SCV  
  16  2:33  Barracks  
  16  2:36  Barracks Tech Lab  
  17  2:43  SCV  
  18  2:55  SCV  
  19  3:07  Factory, SCV  
  19  3:10  Marine  
  21  3:13  Combat Shield  
  21  3:19  SCV  
  22  3:28  Marine  
  23  3:44  SCV  
  23  3:46  Marine  
  25  3:50  Command Center  
  25  3:55  Factory Tech Lab  
  25  3:56  Barracks Reactor, SCV  
  26  4:04  Marine  
  27  4:13  Armory  
  27  4:22  Marine  
  28  4:32  Stimpack, Siege Tank  
  28  4:36  Terran Infantry Weapons Level 1  
  31  4:40  Orbital Command  
  31  5:02  SCV  
  31  5:04  Refinery  
  32  5:13  Marine x2  
  34  5:14  SCV  
  34  5:17  Refinery  
  35  5:26  SCV  
  36  5:31  Marine  
  37  5:38  SCV, Missile Turret  
  38  5:50  SCV  
  38  5:51  Siege Tank  
  42  6:01  Missile Turret  
  42  6:03  SCV  
  43  6:15  SCV  
  44  6:23  Terran Vehicle Weapons Level 1  
  44  6:24  Missile Turret  
  44  6:30  Terran Infantry Armor Level 1  
  44  6:44  Missile Turret  
  44  6:48  Siege Tank  
  44  6:49  Starport  
  44  6:52  SCV  
  48  7:04  SCV  
  49  7:16  SCV  
  50  7:27  Medivac  
  50  7:28  SCV  
  53  7:40  SCV  
  54  8:18  Terran Vehicle And Ship Armor Level 1  
  54  8:24  Hi-Sec Auto Tracking  
  54  9:21  Neosteel Armor  
  54  10:12  Terran Ship Weapons Level 1  
  54  11:01  Terran Infantry Weapons Level 2  
Show
View Real Time Build Order
Export as new Build Order

MrFercho Zerg - Winner!

Build Orders: Pool First, Lurkers 

Get SALT Encoding   

  12  0:20  Spawning Pool  
  11  0:22  Drone  
  11  0:27  Drone  
  13  0:32  Drone  
  14  0:49  Overlord  
  14  1:08  Zergling x4  
  16  1:13  Zergling x2  
  17  1:24  Drone  
  18  1:45  Zergling x4  
  20  1:55  Zergling x2  
  21  2:18  Zergling x2  
  21  2:19  Overlord  
  22  2:37  Queen  
  23  3:12  Drone x3  
  26  3:16  Extractor  
  25  3:27  Drone  
  26  3:38  Hatchery  
  25  3:44  Drone  
  25  3:46  Drone  
  27  3:54  Drone x2  
  27  3:55  Overlord  
  30  4:24  Drone x5  
  34  4:44  Drone x2  
  36  5:06  Hatchery, Metabolic Boost  
  35  5:08  Hatchery  
  35  5:09  Lair  
  35  5:35  Drone  
  35  5:36  Drone x8  
  43  5:58  Overlord x2  
  43  6:09  Hydralisk Den  
  42  6:13  Queen, Evolution Chamber  
  42  6:15  Extractor, Drone  
  42  6:16  Extractor, Drone x2  
  42  6:17  Drone  
  42  6:18  Drone x2  
  46  6:47  Muscular Augments  
  46  6:57  Zergling x10  
  46  6:58  Zergling x16  
  59  7:05  Baneling Nest  
  58  7:11  Drone  
  58  7:12  Drone x2  
  58  7:14  Drone  
  62  7:26  Lurker Den  
  61  7:33  Hydralisk  
  63  7:54  Drone  
  63  7:55  Drone x2  
  63  7:56  Zerg Missile Weapons Level 1  
  66  7:59  Hydralisk x2  
  66  8:01  Overlord  
  66  8:02  Overlord x2  
  70  8:06  Grooved Spines  
  70  8:15  Extractor, Hatchery  
  70  8:16  Centrifical Hooks  
  70  8:19  Extractor  
  67  8:38  Baneling  
  67  8:39  Baneling x14  
  67  8:41  Baneling x5  
  67  8:43  Zergling x18  
  67  8:44  Zergling x16  
  67  8:46  Hydralisk  
  86  9:09  Infestation Pit  
  85  9:14  Extractor  
  58  9:58  Zergling x2  
  58  9:59  Zergling x28  
  58  10:08  Hive  
  56  10:16  Hydralisk x6  
  68  10:29  Drone  
  68  10:30  Drone x4  
  73  10:36  Zerg Missile Weapons Level 2  
  67  10:55  Hydralisk x15  
  88  11:09  Hydralisk x7  
  102  11:41  Overlord x4  
  102  11:42  Overlord x5  
  102  11:53  Evolution Chamber  
  101  11:54  Evolution Chamber  
  101  11:56  Drone x3, Spire  
  102  12:06  Lurker x2  
  102  12:07  Lurker x5  
  109  12:27  Zerg Melee Weapons Level 1  
  109  12:31  Hydralisk x5  
  109  12:32  Hydralisk x3  
  109  12:34  Zergling x2  
  109  12:35  Zergling x26  
  139  12:37  Queen  
  141  12:49  Seismic Spines  
  141  12:52  Hydralisk x2  
  141  12:56  Zergling x10  
  150  13:01  Zergling x2  
  150  13:02  Zergling x4  
  150  13:03  Overlord  
  150  13:04  Overlord x2  
  153  13:13  Baneling x6  
  153  13:14  Baneling x9  
  153  13:15  Baneling  
  153  13:17  Zergling x30  
  168  13:24  Hydralisk  
  168  13:25  Hydralisk x2  
Tags
 
Add a new tag
Caveats
  • Supply blocks, unpowered buildings, or Contaminate may cause inaccurate times.
  • Supply counts are checked every 10 seconds.